Baba Jaga, neutral female human Valkyrie ------ --------- ##+@.eZ| |.......| ----- # |lBsZ+# |..<.....### | | ####.erBs|# |.......| # ------ | .###### # # ------# -------.- ### |....| | | # ### # # ## # --....-- | | ### # # ##%#######.......| | .###################################### # # |......| --.-- ### ---------------# # # ##+......| # # |.............|# #`# # |......| # ###|..............# # # -----------.---- -------- # #..............|# ####......{........| # ---------------# # |..............| # # ######### ##-..............| ---.------ # |..............| | | ### ---------------- | | # | > .############## ---------- # Baba Jaga the Skirmisher Experience level: 3 Strength: 18/02 Dexterity: 13 Constitution: 18 Intelligence: 10 Wisdom: 7 Charisma: 10 Health: 0(37) Energy: 12(14) Def: 6 Gold: 91 Moves: 856 Dungeon seed: Mtx5BinvIcIhjKmI Game ID: Baba Jaga_1622637557 Your Inventory: Coins $ - 91 gold pieces Weapons a - a corroded +4 spear (weapon in hand) b - a blessed +0 dagger g - a +0 orcish dagger (in quiver) j - a cursed -1 orcish dagger Armor e - an uncursed +3 small shield (being worn) n - an uncursed +0 leather armor (being worn) Comestibles d - 3 uncursed food rations m - an uncursed tripe ration Scrolls k - an uncursed scroll of scare monster Potions l - an uncursed potion of gain ability Wands c - a wand of cold (0:5) Tools f - an uncursed oil lamp (0:1260) Spells and supernatural/magical abilities: Name Level Category Fail Memory W - pray for help -- divine ? -- Your skills at the end: Miscellaneous Skills shield [Basic] wands [Basic] stealth [Basic] Weapon Skills dagger [Basic] spear [Basic] Spellcasting Skills Final Attributes: You were devoutly aligned. You were cold resistant. You were going to confuse monsters. You were very stealthy. You could fly. You are dead. Vanquished creatures: an acid blob a gecko a hobgoblin a giant rat a green mold 4 jackals 2 newts 3 goblins 3 sewer rats a lichen 2 kobold zombies 20 creatures vanquished. Voluntary challenges: You did not adorn yourself with jewelry or accessories. You did not cause conflict. You were not invisible. You did not have reflection. You were not displaced. You were an atheist. You used a wielded weapon 16 times, starting on turn 14. You did not use tools. You did not use plumbed fixtures. You read items or engraved 6 times, starting on turn 279. You never genocided any monsters. You never polymorphed an object. You never changed form. You used no wishes. You never split a pudding. You never wrote Elbereth's name. You never violated your personal moral code. Dungeon overview: The Dungeons of Doom: levels 1 to 3 Level 1 a long staircase Level 2 a fountain stairs to The Gnomish Mines Level 3 <- You were here a fountain The Gnomish Mines: Level 3 stairs to The Dungeons of Doom History has recorded: On T:1 you entered the Dungeons of Doom to retrieve the Amulet of Yendor! On T:359 you reached level 2 of The Dungeons of Doom. On T:364 you advanced to experience level 2. On T:624 you reached level 1 of The Gnomish Mines. On T:724 you reached level 3 of The Dungeons of Doom. On T:820 you advanced to experience level 3. Score breakdown: Gold: 91 ( 9 points) Experience: 3 levels ( 200 points) Exploration: 3 levels ( 60 points) Discoveries: 7 items ( 350 points) Variety of kills: 11 monsters ( 550 points) Major goal: (nothing yet) ( 0 points) Survival: died (score multiplied by 3) Total score: 3507 Latest messages: This gecko corpse tastes terrible! You finish eating the gecko corpse. s - a scroll labeled EIGOWA KIRAIDES. As you read the scroll, it disappears. The giant bat bites! The jackal bites! The cave spider bites! Please move the cursor to an unknown object. Never mind. You kill the jackal! The giant bat bites! The cave spider bites! The newt bites! The giant bat bites! (3x) Magical energies course through your body. The giant bat bites! The newt misses. The giant bat bites! You die... Final status: Farvel Baba Jaga the Valkyrie, killed by a giant bat... You died in The Dungeons of Doom on dungeon level 3 with 3507 points, and 91 pieces of gold, after 856 moves. You were level 3 with a maximum of 37 hit points when you died.